 Dungeon Crawl Stone Soup version 0.27-a0-92-g39ad13b146 (webtiles) character file.

Game seed: 7144595901397064159

50 dickylongcocking the Shield-Bearer (level 3, 0/34 HPs)
             Began as a Naga Fighter on Jan 16, 2021.
             Was an Initiate of Ashenzari.
             Slain by a gnoll
             ... wielding a +0 halberd
              (7 damage)
             ... on level 2 of the Dungeon.
             The game lasted 00:01:06 (1038 turns).

dickylongcocking the Shield-Bearer (Naga Fighter)   Turns: 1038, Time: 00:01:06

Health: 0/34       AC:  4    Str: 18    XL:     3   Next: 79%
Magic:  3/3        EV:  5    Int:  8    God:    Ashenzari [......]
Gold:   48         SH:  9    Dex: 11    Spells: 2/2 levels left

rFire    . . .     SeeInvis +   i - +1 whip (venom)
rCold    . . .     Faith    .   c - +0 kite shield
rNeg     . . .     Spirit   .   b - +0 scale mail
rPois    +         Reflect  .   (no helmet)
rElec    .         Harm     .   (no cloak)
rCorr    .         Rampage  .   (no gloves)
Will     .....                  (no barding)
Stlth    ..........             (no amulet)
HPRegen  0.11/turn              e - ring of see invisible (curse)
MPRegen  0.08/turn              (no ring)

@: flying, very slow
A: large, see invisible, deformed body, poison resistance, slowness 2, spit
poison 1, AC +1
a: Spit Poison, Renounce Religion, Curse Item


You were on level 2 of the Dungeon.
You worshipped Ashenzari.
Ashenzari was noncommittal.
You visited 1 branch of the dungeon, and saw 2 of its levels.

You collected 48 gold pieces.

Inventory:

Hand Weapons
 a - a +0 trident
 i - a +1 whip of venom (weapon)
Armour
 b - a +0 scale mail (worn)
 c - a +0 kite shield (worn)
Jewellery
 e - a cursed ring of see invisible (left hand)
Scrolls
 g - 2 scrolls of teleportation {unknown}
 j - a scroll of immolation {unknown}
Potions
 d - a potion of might
 f - a potion of degeneration {unknown}
 k - a potion of mutation {unknown}
 l - a potion of curing {unknown}
 m - a potion of heal wounds {unknown}
 n - a potion of invisibility {unknown}


   Skills:
 - Level 3.0 Fighting
 * Level 2.0 Maces & Flails
 - Level 2.0 Polearms
 - Level 2.5 Armour
 * Level 3.1 Shields


You had 2 spell levels left.
You didn't know any spells.
Your spell library was empty.

Dungeon Overview and Level Annotations

Branches:
Dungeon (2/15)

Altars:
Ashenzari


Innate Abilities, Weirdness & Mutations

You cannot wear boots.
Your serpentine skin is tough. (AC +1)
You have supernaturally acute eyesight. (SInv)
Armour fits poorly on your strangely shaped body.
Your system is resistant to poisons. (rPois)
You cover ground very slowly.
You can spit poison.


Message History

The gnoll shouts!
A bat comes into view.
An adder comes into view.
The gnoll hits you with a +0 halberd!
You are too injured to fight recklessly!
You closely miss the gnoll.
A hobgoblin comes into view.
Your scale mail prevents you from hitting the gnoll.
The gnoll hits you from afar with a +0 halberd!
* * * LOW HITPOINT WARNING * * *
You block the bat's attack.
Unknown command.
The bat hits you but does no damage. The gnoll hits you.
* * * LOW HITPOINT WARNING * * *
You see here a scroll of remove curse.
Okay, then.
It was a potion of flight.
You feel very buoyant.
You fly up into the air.
The gnoll hits you from afar with a +0 halberd!
You die...

...............
...............
...........?...
.....g....... ..
............ #
..###r......... ..
........Sgg...... ..
.......bgg# ........
.......@.# . .......#
#........# .. .......#
#........# ... .......#
#........###.... .......#
#..............#
.......#####.####.......#
.......##.....†...†.....#
...###.......###........#
##......#.#..##.........#


You could see 4 gnolls, an adder, a hobgoblin, a bat and a rat.

Vanquished Creatures
  2 adders (D:2)
  3 dart slugs (D:1)
  3 leopard geckos
  A giant cockroach (D:1)
  4 goblins
  A hobgoblin (D:1)
  3 bats (D:1)
  2 frilled lizards (D:1)
  3 kobolds (D:1)
  3 rats
25 creatures vanquished.

Notes
Turn   | Place    | Note
-------+----------+-------------------------------------------
     0 | D:1      | dickylongcocking the Naga Fighter began the quest for the
                  | Orb.
     0 | D:1      | Reached XP level 1. HP: 21/21 MP: 1/1
   140 | D:1      | Reached XP level 2. HP: 25/28 MP: 2/2
   344 | D:1      | Reached skill level 1 in Maces & Flails
   666 | D:1      | Reached XP level 3. HP: 29/34 MP: 3/3
   883 | D:2      | Found a broken altar of Ashenzari.
   895 | D:2      | Became a worshipper of Ashenzari the Shackled
  1038 | D:2      | Slain by a gnoll

Illustrated notes

Levels and vault maps discovered:
D:1:      heliophobic_arrival_ceremonial_halls, layout_basic,
          minmay_misc_feat_doors
D:2:      layout_basic, bloody_trog, old_standard_altar,
          lemuel_zombie_altar_yredelemnul

Skill      XL: |  1  2  3 |
---------------+----------+-----
Maces & Flails | 1 2 |  2.0
Shields        | 3 |  3.1
Fighting       | |  3.0
Polearms       | |  2.0
Armour         | |  2.5

Action                   || total
-------------------------++-------
Melee: Trident           ||    13
       Whip              ||    59
 Abil: Spit Poison       ||    12
  Use: Potion            ||     1
Armor: Scale mail        ||    27
Dodge: Dodged            ||    20
Block: Kite shield       ||    37

Table legend: (Time is in decaauts)
 A = Elapsed time spent in this place.
 B = Non-inter-level travel time spent in this place.
 C = Inter-level travel time spent in this place.
 D = Time resting spent in this place.
 E = Time spent auto-exploring this place.
 F = Levels seen in this place.
 G = Mean time per level.
                   A        B        C        D        E       F      G
               +--------+--------+--------+--------+--------+-----+--------+
         Total |   1271 |   1209 |     62 |      0 |   1003 |   2 |  635.5 |
       Dungeon |   1271 |   1209 |     62 |      0 |   1003 |   2 |  635.5 |
               +--------+--------+--------+--------+--------+-----+--------+

Top non-repeatable levels by time:
     D:1: 1040 daAuts
     D:2: 231 daAuts
